 Dungeon Crawl Stone Soup version 0.30-a0-1016-gfb0d676c02 (webtiles) character file.

Game seed: 12055054975912558282

48 promet the Magician (level 3, -3/21 HPs)
             Began as an Octopode Hedge Wizard on Apr 6, 2023.
             Asphyxiated
             ... on level 3 of the Dungeon.
             The game lasted 00:10:47 (2827 turns).

promet the Magician (Octopode Hedge Wizard)         Turns: 2827, Time: 00:10:48

Health: -3/21      AC:  1    Str:  9    XL:     3   Next: 72%
Magic:  4/8        EV: 13    Int: 18    God:
Gold:   169        SH:  0    Dex: 11    Spells: 3/9 levels left

rFire   x . .      SeeInvis .    a - +2 dagger (elec)
rCold   + . .      Faith    .    (no shield)
rNeg    . . .      Spirit   .    l - +0 hat
rPois   .          Reflect  .    (no amulet)
rElec   .          Rampage  .    p - ring of ice
rCorr   .                        (no ring)
Will    .....                    (no ring)
Stlth   +++                      (no ring)
HPRegen 0.23/turn                (no ring)
MPRegen 0.11/turn                (no ring)
                                 (no ring)
                                 (no ring)

@: lethally poisoned (-3 -> -15), slowed, very slow
A: almost no armour, amphibious, 8 rings, camouflage 1, gelatinous body 1,
(nimble swimmer 1), tentacles
a: no special abilities


You were on level 3 of the Dungeon.
You visited 1 branch of the dungeon, and saw 3 of its levels.

You collected 169 gold pieces.

Inventory:

Hand Weapons
 a - a +2 dagger of electrocution (weapon)
 b - a +0 sling
 i - a +0 war axe
 j - a +0 scimitar
 s - a +2 dagger of venom
Missiles
 d - 20 stones
 k - 3 boomerangs (quivered)
Armour
 l - a +0 hat (worn)
Jewellery
 p - a ring of ice (left tentacle)
Scrolls
 r - a scroll of poison
Potions
 c - a potion of magic
 e - 2 potions of flight
 g - a potion of berserk rage {unknown}
 h - a potion of lignification {unknown}
 m - a potion of attraction {unknown}
 n - 2 potions of might {unknown}
 o - a potion of haste {unknown}
 q - a potion of invisibility {unknown}
 t - a potion of heal wounds {unknown}


   Skills:
 + Level 0.1 Short Blades
 + Level 0.4 Ranged Weapons
 + Level 2.1 Dodging
 + Level 3.0 Stealth
 + Level 3.7 Spellcasting
 + Level 1.5 Conjurations
 + Level 1.3 Summonings
 + Level 1.0 Translocations


You had 3 spell levels left.
You knew the following spells:

 Your Spells              Type           Power      Damage    Failure   Level
a - Magic Dart            Conj           36%        1d4       8%          1
b - Slow                  Hex            12%        N/A       16%         1
c - Blink                 Tloc           14%        N/A       16%         2
d - Call Imp              Summ           8%         N/A       13%         2

Your spell library contained the following spells:

 Spells                   Type           Power      Damage    Failure   Level
 Cigotuvi's Dreadful Rot  Necr/Pois/Air  6%         N/A       22%         2
 Mephitic Cloud           Conj/Pois/Air  5%         N/A       36%         3


Dungeon Overview and Level Annotations

Branches:
Dungeon (3/15)

Altars:

Shops:
D:1 :


Innate Abilities, Weirdness & Mutations

You cannot wear most types of armour.
You are amphibious.
You can wear up to eight rings at the same time.
Your skin changes colour to match your surroundings (Stealth+).
Your rubbery body absorbs attacks. (AC +1, EV +1)
((You are camouflaged when in or above water. (Stealth+)))
You have tentacles for arms and can constrict up to eight enemies at once.


Message History

The magic dart hits the kobold.
The kobold is severely wounded.
Your white imp closely misses the kobold brigand.
The kobold brigand throws a curare-tipped dart.
The curare-tipped dart hits your white imp.
The kobold barely misses you.
Your white imp closely misses the kobold brigand.
The kobold brigand throws a curare-tipped dart.
The curare-tipped dart barely misses your white imp.
The curare-tipped dart closely misses the kobold.
The curare-tipped dart hits you.
You are poisoned.
You have difficulty breathing.
You feel as though you will be slow longer.
Casting: Magic Dart (safe; 8% risk of failure)
Confirm with . or Enter, or press ? or * to list all spells.
Aiming: Magic Dart (safe; 8% risk of failure)
Press: ? - help, Shift-Dir - straight line, f/p - kobold
Aim: a kobold, wielding a +0 club (severely wounded, 100% to hit)
The magic dart hits the kobold but does no damage.
The kobold is severely wounded.
* * * LOW HITPOINT WARNING * * *
You feel very sick. The kobold barely misses you.
Your white imp barely misses the kobold brigand.
The kobold brigand throws a curare-tipped dart.
The curare-tipped dart barely misses your white imp.
The curare-tipped dart hits the kobold.
The kobold is poisoned.
The kobold convulses.
The kobold dies!
Your Stealth skill increases to level 3!
* * * LOW HITPOINT WARNING * * *
You feel very sick.
Your white imp barely misses the kobold brigand.
The kobold brigand throws a curare-tipped dart.
The curare-tipped dart barely misses your white imp.
The curare-tipped dart hits you.
You are more poisoned.
You have difficulty breathing.
You die... #.##.#########.# KKK

#.##.........#.## #K..
#.######........###########
#.............#.....[##....
###.####........####.##....
#.# #.....#.#.....K..... #.#
###.###..........†#. #.# #)#
###....[....#. ##.## ##@##
#..##)##..#.
#####...####.#.####..##.#.....
#.....#.....###5K...........##
#.###...###..#.#####.##.##..#
#.##....<##.#....>....#.##..#
#.##.#.#.##.#.######........#
#.##.#...##.#.# ##.#.###.#
#.##.##..##.#.# #.#.# #.#
#.##.>...##.#.# #.#.# #..


You could see a kobold brigand (ally target) and a friendly white imp
(summoned).

Vanquished Creatures
  2 dart slugs (D:2)
  3 orcs (D:2)
  4 ball pythons
  3 bats
  An endoplasm (D:1)
  2 giant cockroaches (D:2)
  4 goblins
  2 hobgoblins
  A quokka (D:1)
  A frilled lizard (D:3)
  2 kobolds
  2 rats
27 creatures vanquished.

Vanquished Creatures (collateral kills)
  A worm (D:2)
  An endoplasm (D:1)
  2 hobgoblins
  A quokka (D:1)
  A frilled lizard (D:2)
  A goblin (D:1)
7 creatures vanquished.

Vanquished Creatures (others)
  A kobold (D:3)
1 creature vanquished.

Grand Total: 35 creatures vanquished

Notes
Turn   | Place    | Note
-------+----------+-------------------------------------------
     0 | D:1      | promet the Octopode Hedge Wizard began the quest for the
                  | Orb.
     0 | D:1      | Reached XP level 1. HP: 11/11 MP: 4/4
   328 | D:1      | Reached XP level 2. HP: 17/17 MP: 3/6
   330 | D:1      | Learned a level 1 spell: Slow
   333 | D:1      | Learned a level 2 spell: Blink
   336 | D:1      | Learned a level 2 spell: Call Imp
   542 | D:1      | Found a faded altar of an unknown god.
   805 | D:1      | Found Xutonil's Book Emporium.
  1509 | D:2      | Reached XP level 3. HP: 21/21 MP: 8/8
  2340 | D:3      | Identified the +2 robe "Girumm" {rN+}
  2488 | D:3      | Noticed a kobold brigand
  2813 | D:3      | Noticed a kobold brigand
  2827 | D:3      | Asphyxiated

Illustrated notes

Levels and vault maps discovered:
D:1:      tarquinn_simple_flora_water_c, layout_basic,
          shapermc_ecumenical_altar_pompeii, serial_shops, nicolae_shop_trees,
          minmay_crystal_room
D:2:      layout_loops_ring, minivault_19
D:3:      cheibrodos_thug_alley, layout_loops_ring

Skill      XL: |  1  2  3 |
---------------+----------+-----
Stealth        | 3 |  3.0
Short Blades   | |  0.1
Ranged Weapons | |  0.4
Dodging        | |  2.1
Spellcasting   | |  3.7
Conjurations   | |  1.5
Summonings     | |  1.3
Translocations | |  1.0

Action                     || total
---------------------------++-------
  Melee: Dagger            ||    26
         Constrict         ||     6
         Tentacles         ||     2
   Fire: Sling             ||    20
   Cast: Magic Dart        ||    27
         Call Imp          ||    11
    Use: Scroll            ||     4
         Potion            ||     1
   Stab: Sleeping          ||     4
 Armour: Skin              ||     4
  Dodge: Dodged            ||    29

Table legend: (Time is in decaauts)
 A = Elapsed time spent in this place.
 B = Non-inter-level travel time spent in this place.
 C = Inter-level travel time spent in this place.
 D = Time resting spent in this place.
 E = Time spent auto-exploring this place.
 F = Levels seen in this place.
 G = Mean time per level.
                   A        B        C        D        E       F      G
               +--------+--------+--------+--------+--------+-----+--------+
         Total |   2834 |   2812 |     22 |    773 |   1151 |   3 |  944.7 |
       Dungeon |   2834 |   2812 |     22 |    773 |   1151 |   3 |  944.7 |
               +--------+--------+--------+--------+--------+-----+--------+

Top non-repeatable levels by time:
     D:2: 1192 daAuts
     D:1: 1099 daAuts
     D:3: 543 daAuts
